APP
BRISTOL PIRATES @ SAN DIEGO (APP) PADRES
06/04/2046
 
TOP OF THE 1ST
Bristol Pirates batting - Pitching for San Diego (APP) Padres : LHP David French
Pitching: LHP David French
Batting: SHB Don Hauk 0-0: Swinging Strike
0-1: Ball
1-1: Foul Ball, location: 2F
1-2: Strikes out looking
Batting: RHB Pete Hutton 0-0: Called Strike
0-1: Ball
1-1: Called Strike
1-2: Foul Ball, location: 2F
1-2: Strikes out looking
Batting: RHB Randy Bergman 0-0: Swinging Strike
0-1: Ball
1-1: Called Strike
1-2: Strikes out swinging, 2-3 out at first.
Top of the 1st over - 0 runs, 0 hits, 0 errors, 0 left on base; Bristol 0 - San Diego (APP) 0
BOTTOM OF THE 1ST
San Diego (APP) Padres batting - Pitching for Bristol Pirates : LHP Adam Clarke
Pitching: LHP Adam Clarke
Batting: RHB Elias Vences 0-0: SOLO HOME RUN (Flyball, 78XD, EV 98.1 MPH), Distance : 414 ft
Batting: RHB Adrian Cook 0-0: Called Strike
0-1: Swinging Strike
0-2: Ball
1-2: Ball
2-2: Foul Ball, location: 2F
2-2: DOUBLE (Line Drive, 9LM, EV 98.1 MPH)
Batting: LHB Carlos Cuellar 0-0: Ball
1-0: Ball
2-0: Called Strike
2-1: Swinging Strike
2-2: Ball
3-2: Fly out, F8 (Flyball, 8LD, EV 81.2 MPH)
Batting: RHB Kalidas Mishra 0-0: SINGLE (Line Drive, 56, EV 96.2 MPH)
Adrian Cook to third
Batting: RHB Bryan Pitcher 0-0: Ball
1-0: Swinging Strike
1-1: Ball
2-1: Ball
3-1: Base on Balls
Kalidas Mishra to second
Batting: SHB Isaiah Scates 0-0: Foul Ball, location: 2F
0-1: Called Strike
0-2: SINGLE (Groundball, 6MD, EV 93.8 MPH)
Adrian Cook scores
Kalidas Mishra to third
Bryan Pitcher to second
Runner from 3rd tries for Home, throw by CF and OUT! 8-2
Pitching: RHP Onne Stubbe
Batting: RHB Ricardo Ortiz 0-0: SINGLE (Line Drive, 9S, EV 95.0 MPH)
Bryan Pitcher to third
Isaiah Scates to second
Batting: RHB Ed Oake 0-0: Ball
1-0: Swinging Strike
1-1: Foul Ball, location: 2F
1-2: Ball
2-2: Ball
3-2: SINGLE (Groundball, 4MD, EV 105.6 MPH)
Bryan Pitcher scores
Isaiah Scates to third
Ricardo Ortiz to second
Isaiah Scates scores
Ricardo Ortiz to third
Batting: RHB Hugo Montemayor 0-0: Ball
1-0: Ball
2-0: Ball
3-0: Base on Balls
Ed Oake to second
Batting: RHB Elias Vences 0-0: Foul Ball, location: 2F
0-1: Swinging Strike
0-2: Foul Ball, location: 2F
0-2: Ground out 1-3 (Groundball, 13S, EV 66.9 MPH)
Bottom of the 1st over - 4 runs, 6 hits, 0 errors, 3 left on base; Bristol 0 - San Diego (APP) 4
TOP OF THE 2ND
Bristol Pirates batting - Pitching for San Diego (APP) Padres : LHP David French
Batting: LHB Randy Boone 0-0: Called Strike
0-1: Swinging Strike
0-2: Ball
1-2: Strikes out looking
Batting: RHB Frank Elizondo 0-0: Called Strike
0-1: Ball
1-1: Swinging Strike
1-2: Ball
2-2: Strikes out swinging
Batting: RHB Alain Marquet 0-0: Ball
1-0: Ball
2-0: Called Strike
2-1: Swinging Strike
2-2: Ball
3-2: Foul Ball, location: 2F
3-2: Strikes out swinging, 2-3 out at first.
Top of the 2nd over - 0 runs, 0 hits, 0 errors, 0 left on base; Bristol 0 - San Diego (APP) 4
BOTTOM OF THE 2ND
San Diego (APP) Padres batting - Pitching for Bristol Pirates : RHP Onne Stubbe
Batting: RHB Adrian Cook 0-0: Called Strike
0-1: Ball
1-1: Ball
2-1: TRIPLE (Flyball, 78XD, EV 101.9 MPH)
Batting: LHB Carlos Cuellar 0-0: Foul Ball, location: 2F
0-1: Ball
1-1: Ball
2-1: Ball
3-1: Base on Balls
Batting: RHB Kalidas Mishra 0-0: Foul Ball, location: 2F
0-1: Foul Ball, location: 2F
0-2: Ball
1-2: Foul Ball, location: 2F
1-2: SINGLE (Groundball, 25, EV 71.2 MPH) (infield hit)
Carlos Cuellar to second
Batting: RHB Bryan Pitcher 0-0: SINGLE (Line Drive, 6MD, EV 95.0 MPH)
Adrian Cook scores
Carlos Cuellar to third
Kalidas Mishra to second
Runner from 3rd tries for Home, SAFE, throw by CF to home
Batting: SHB Isaiah Scates 0-0: 3-RUN HOME RUN (Flyball, 9D, EV 95.0 MPH), Distance : 382 ft
Batting: RHB Ricardo Ortiz 0-0: Ball
1-0: Called Strike
1-1: SINGLE (Flyball, 4D, EV 96.2 MPH)
Batting: RHB Ed Oake 0-0: Foul Ball, location: 2F
0-1: Ball
1-1: Ball
2-1: Ball
3-1: Foul Ball, location: 2F
3-2: Base on Balls
Ricardo Ortiz to second
Batting: RHB Hugo Montemayor 0-0: Called Strike
0-1: Ball
1-1: Ball
2-1: Swinging Strike
2-2: Ball
3-2: Foul Ball, location: 2F
3-2: Foul Ball, location: 2F
3-2: Strikes out swinging
Batting: RHB Elias Vences 0-0: Ball
1-0: DOUBLE (Groundball, 5L, EV 100.0 MPH)
Ricardo Ortiz scores
Ed Oake to third
Pitching: RHP Ronnie Brooks
Batting: RHB Adrian Cook 0-0: Called Strike
0-1: Foul Ball, location: 2F
0-2: Foul Ball, location: 2F
0-2: Foul Ball, location: 2F
0-2: Ball
1-2: Foul Ball, location: 2F
1-2: Ball
2-2: Ball
3-2: Base on Balls
Batting: LHB Carlos Cuellar 0-0: Called Strike
0-1: Ball
1-1: Ball
Passed Ball!
Ed Oake scores
Elias Vences to third
Adrian Cook to second
2-1: Ball
3-1: DOUBLE (Line Drive, 9LM, EV 99.4 MPH)
Elias Vences scores
Adrian Cook scores
Batting: RHB Kalidas Mishra 0-0: Ball
1-0: Ball
2-0: Ball
Wild Pitch!
Carlos Cuellar to third
3-0: Base on Balls
Pitching: RHP Andrew DeRicco
Batting: RHB Bryan Pitcher 0-0: Foul Ball, location: 2F
0-1: Ball
1-1: Ball
Wild Pitch!
Carlos Cuellar scores
Kalidas Mishra to second
2-1: Swinging Strike
2-2: SINGLE (Flyball, 8LS, EV 91.9 MPH)
Kalidas Mishra to third
Runner from 3rd tries for Home, SAFE, throw by CF to home
Batting: SHB Isaiah Scates 0-0: Ball
1-0: Ball
Passed Ball!
Bryan Pitcher to second
2-0: Ball
3-0: Base on Balls
Batting: RHB Ricardo Ortiz 0-0: Ball
1-0: SINGLE (Groundball, 6D, EV 108.8 MPH)
Bryan Pitcher to third
Isaiah Scates to second
Runner from 3rd tries for Home, SAFE, throw by LF to home
Batting: RHB Ed Oake 0-0: Ball
1-0: Ball
2-0: Fly out, F4 (Line Drive, 4M, EV 72.5 MPH)
Batting: RHB Hugo Montemayor 0-0: Ground out 4-3 (Groundball, 4, EV 84.4 MPH)
Bottom of the 2nd over - 12 runs, 9 hits, 0 errors, 2 left on base; Bristol 0 - San Diego (APP) 16
TOP OF THE 3RD
Bristol Pirates batting - Pitching for San Diego (APP) Padres : LHP David French
Batting: RHB Gilberto Victoria 0-0: Called Strike
0-1: Swinging Strike
0-2: Ball
1-2: Strikes out swinging
Batting: RHB Rob Colley 0-0: Fly out, F8 (Flyball, 8RM, EV 90.0 MPH)
Batting: RHB Erik Mulligan 0-0: Swinging Strike
0-1: Ground out 4-3 (Groundball, 4, EV 96.2 MPH)
Top of the 3rd over - 0 runs, 0 hits, 0 errors, 0 left on base; Bristol 0 - San Diego (APP) 16
BOTTOM OF THE 3RD
San Diego (APP) Padres batting - Pitching for Bristol Pirates : RHP Andrew DeRicco
Batting: RHB Elias Vences 0-0: Ball
1-0: Foul Ball, location: 2F
1-1: Ball
2-1: Ground out 5-3 (Groundball, 56, EV 84.4 MPH)
Pitching: LHP Alfredo Carranza
Batting: RHB Adrian Cook 0-0: Ball
1-0: Swinging Strike
1-1: Foul Ball, location: 2F
1-2: Ball
2-2: Reached on error, E5 (Groundball, 56, EV 78.8 MPH)
Batting: LHB Carlos Cuellar 0-0: Called Strike
0-1: Ball
1-1: Ground out 4-3 (Groundball, 4S, EV 66.9 MPH)
Adrian Cook to second
Batting: RHB Kalidas Mishra 0-0: Called Strike
0-1: Ball
1-1: Foul Ball, location: 2F
1-2: Strikes out swinging
Bottom of the 3rd over - 0 runs, 0 hits, 1 error, 1 left on base; Bristol 0 - San Diego (APP) 16
TOP OF THE 4TH
Bristol Pirates batting - Pitching for San Diego (APP) Padres : LHP David French
Batting: SHB Don Hauk 0-0: Ball
1-0: Ball
2-0: Ball
3-0: Called Strike
3-1: Ground out 6-3 (Groundball, 56D, EV 85.0 MPH)
Batting: RHB Pete Hutton 0-0: Ball
1-0: Ground out 6-3 (Groundball, 6, EV 90.0 MPH)
Batting: RHB Randy Bergman 0-0: Foul Ball, location: 2F
0-1: Ground out 1-3 (Groundball, 15S, EV 68.8 MPH)
Top of the 4th over - 0 runs, 0 hits, 0 errors, 0 left on base; Bristol 0 - San Diego (APP) 16
BOTTOM OF THE 4TH
San Diego (APP) Padres batting - Pitching for Bristol Pirates : LHP Alfredo Carranza
Batting: RHB Bryan Pitcher 0-0: Foul Ball, location: 2F
0-1: Foul Ball, location: 2F
0-2: Strikes out swinging
Batting: SHB Isaiah Scates 0-0: Ball
1-0: Foul Ball, location: 2F
1-1: Ball
2-1: Foul Ball, location: 2F
2-2: Ground out 6-3 (Groundball, 6, EV 88.8 MPH)
Batting: RHB Ricardo Ortiz 0-0: Ball
1-0: Ball
2-0: Foul Ball, location: 2F
2-1: Foul Ball, location: 2F
2-2: Foul Ball, location: 2F
2-2: Foul Ball, location: 2F
2-2: Strikes out swinging
Bottom of the 4th over - 0 runs, 0 hits, 0 errors, 0 left on base; Bristol 0 - San Diego (APP) 16
TOP OF THE 5TH
Bristol Pirates batting - Pitching for San Diego (APP) Padres : LHP David French
Batting: LHB Randy Boone 0-0: Ball
1-0: Foul Ball, location: 2F
1-1: Swinging Strike
1-2: Foul Ball, location: 2F
1-2: Foul Ball, location: 2F
1-2: Strikes out looking
Batting: RHB Frank Elizondo 0-0: Ball
1-0: Ball
2-0: Ball
3-0: Base on Balls
Batting: RHB Alain Marquet 0-0: Ball
1-0: Ball
2-0: Called Strike
2-1: Grounds into double play, 6-4-3 (Groundball, 6, EV 105.6 MPH)
Top of the 5th over - 0 runs, 0 hits, 0 errors, 0 left on base; Bristol 0 - San Diego (APP) 16
BOTTOM OF THE 5TH
San Diego (APP) Padres batting - Pitching for Bristol Pirates : LHP Alfredo Carranza
Pitching: RHP Otok Barleyfoot
Batting: RHB Ed Oake 0-0: Foul Ball, location: 2F
0-1: Ball
1-1: Ball
2-1: Foul Ball, location: 2F
2-2: SOLO HOME RUN (Flyball, 7D, EV 99.4 MPH), Distance : 368 ft
Batting: RHB Hugo Montemayor 0-0: Ball
1-0: Called Strike
1-1: Ball
2-1: Swinging Strike
2-2: Strikes out swinging
Batting: RHB Elias Vences 0-0: Ball
1-0: SINGLE (Groundball, 56D, EV 94.4 MPH)
Batting: RHB Adrian Cook 0-0: Ball
1-0: Ball
2-0: Called Strike
2-1: Ball
3-1: Base on Balls
Elias Vences to second
Batting: LHB Carlos Cuellar 0-0: Ball
1-0: Foul Ball, location: 2F
1-1: SINGLE (Line Drive, 9S, EV 94.4 MPH)
Elias Vences to third
Adrian Cook to second
Pitching: RHP Randy Nelligan
Batting: RHB Kalidas Mishra 0-0: Ball
1-0: Called Strike
1-1: Ball
2-1: Swinging Strike
2-2: Ball
3-2: Base on Balls
Elias Vences scores
Adrian Cook to third
Carlos Cuellar to second
Batting: RHB Bryan Pitcher 0-0: Ball
1-0: Called Strike
1-1: Foul Ball, location: 2F
1-2: SINGLE (Line Drive, 78S, EV 113.1 MPH)
Adrian Cook scores
Carlos Cuellar to third
Kalidas Mishra to second
Batting: SHB Isaiah Scates 0-0: Called Strike
0-1: Ball
1-1: Ball
2-1: Ball
3-1: Base on Balls
Carlos Cuellar scores
Kalidas Mishra to third
Bryan Pitcher to second
Batting: RHB Ricardo Ortiz 0-0: DOUBLE (Flyball, 7LD, EV 105.0 MPH)
Kalidas Mishra scores
Bryan Pitcher scores
Isaiah Scates to third
Batting: RHB Ed Oake 0-0: Foul Ball, location: 2F
0-1: Ground out 4-3 (Groundball, 34, EV 95.0 MPH)
Isaiah Scates scores
Ricardo Ortiz to third
Pitching: RHP Jerry Spitler
Batting: RHB Hugo Montemayor 0-0: Called Strike
0-1: Foul Ball, location: 2F
0-2: Ball
1-2: Ball
2-2: Strikes out swinging
Bottom of the 5th over - 7 runs, 5 hits, 0 errors, 1 left on base; Bristol 0 - San Diego (APP) 23
TOP OF THE 6TH
Bristol Pirates batting - Pitching for San Diego (APP) Padres : LHP David French
Batting: RHB Gilberto Victoria 0-0: Swinging Strike
0-1: Ball
1-1: Foul Ball, location: 2F
1-2: Ball
2-2: Strikes out swinging
Batting: RHB Rob Colley 0-0: Called Strike
0-1: Foul Ball, location: 2F
0-2: Ball
1-2: Ball
2-2: Ball
3-2: SINGLE (Groundball, 3D, EV 98.8 MPH)
Batting: RHB Erik Mulligan 0-0: Ball
1-0: Ground out 5-3 (Groundball, 56S, EV 67.5 MPH)
Rob Colley to second
Batting: SHB Don Hauk 0-0: Called Strike
0-1: Swinging Strike
0-2: Ball
1-2: Foul Ball, location: 2F
1-2: Strikes out swinging
Top of the 6th over - 0 runs, 1 hit, 0 errors, 1 left on base; Bristol 0 - San Diego (APP) 23
BOTTOM OF THE 6TH
San Diego (APP) Padres batting - Pitching for Bristol Pirates : RHP Jerry Spitler
Batting: RHB Elias Vences 0-0: Ball
1-0: Foul Ball, location: 2F
1-1: Ground out 5-3 (Groundball, 5L, EV 100.0 MPH)
Batting: RHB Adrian Cook 0-0: Ball
1-0: Ball
2-0: Ball
3-0: Base on Balls
Batting: LHB Carlos Cuellar 0-0: Called Strike
0-1: Called Strike
0-2: Ball
1-2: 2-RUN HOME RUN (Flyball, 9D, EV 96.9 MPH), Distance : 382 ft
Batting: RHB Kalidas Mishra 0-0: Ball
1-0: Ball
2-0: Fly out, F8 (Flyball, 8LD, EV 90.6 MPH)
Batting: RHB Bryan Pitcher 0-0: Called Strike
0-1: Called Strike
0-2: Ball
1-2: DOUBLE (Line Drive, 9LS, EV 105.6 MPH)
Batting: SHB Isaiah Scates 0-0: SINGLE (Flyball, 5D, EV 85.6 MPH)
Bryan Pitcher to third
Runner from 3rd tries for Home, throw by LF and OUT! 7-2
Bottom of the 6th over - 2 runs, 3 hits, 0 errors, 1 left on base; Bristol 0 - San Diego (APP) 25
TOP OF THE 7TH
Bristol Pirates batting - Pitching for San Diego (APP) Padres : LHP David French
Batting: RHB Pete Hutton 0-0: Ball
1-0: Called Strike
1-1: Foul Ball, location: 2F
1-2: Ball
2-2: Ball
3-2: Strikes out swinging
Batting: RHB Randy Bergman 0-0: Called Strike
0-1: Ball
1-1: Foul Ball, location: 2F
1-2: Ball
2-2: Foul Ball, location: 2F
2-2: Ball
3-2: Base on Balls
Batting: LHB Randy Boone 0-0: Swinging Strike
0-1: Ball
1-1: Swinging Strike
1-2: Ball
Wild Pitch!
Randy Bergman to second
2-2: Foul Ball, location: 2F
2-2: Foul Ball, location: 2F
2-2: Strikes out looking
Batting: RHB Frank Elizondo 0-0: Ball
1-0: Swinging Strike
1-1: Swinging Strike
1-2: Strikes out looking
Top of the 7th over - 0 runs, 0 hits, 0 errors, 1 left on base; Bristol 0 - San Diego (APP) 25
BOTTOM OF THE 7TH
San Diego (APP) Padres batting - Pitching for Bristol Pirates : RHP Jerry Spitler
Pinch Hitting: LHB Ramon Padilla 0-0: Ball
1-0: Foul Ball, location: 2F
1-1: SOLO HOME RUN (Line Drive, 89XD, EV 114.4 MPH), Distance : 420 ft
Batting: RHB Ed Oake 0-0: Ball
1-0: Fly out, F9 (Line Drive, 9, EV 91.9 MPH)
Batting: RHB Hugo Montemayor 0-0: Ground out 4-3 (Groundball, 4, EV 103.1 MPH)
Batting: RHB Elias Vences 0-0: Ball
1-0: Ground out 6-3 (Groundball, 6M, EV 86.2 MPH)
Bottom of the 7th over - 1 run, 1 hit, 0 errors, 0 left on base; Bristol 0 - San Diego (APP) 26
TOP OF THE 8TH
Bristol Pirates batting - Pitching for San Diego (APP) Padres : LHP David French
Now at 1B: Lu-po-teh Zhou
Batting: RHB Alain Marquet 0-0: Swinging Strike
0-1: Ball
1-1: Called Strike
1-2: Strikes out swinging
Pitching: RHP Eric Busby
Batting: RHB Gilberto Victoria 0-0: Ball
1-0: Swinging Strike
1-1: Ball
2-1: Foul Ball, location: 2F
2-2: Strikes out swinging
Batting: RHB Rob Colley 0-0: Called Strike
0-1: Swinging Strike
0-2: Ball
1-2: Strikes out swinging
Top of the 8th over - 0 runs, 0 hits, 0 errors, 0 left on base; Bristol 0 - San Diego (APP) 26
BOTTOM OF THE 8TH
San Diego (APP) Padres batting - Pitching for Bristol Pirates : RHP Jerry Spitler
Batting: RHB Adrian Cook 0-0: Swinging Strike
0-1: Ball
1-1: Fly out, F3 (Popup, 3F, EV 60.6 MPH)
Batting: LHB Carlos Cuellar 0-0: Ball
1-0: Fly out, F8 (Line Drive, 89D, EV 85.6 MPH)
Batting: RHB Kalidas Mishra 0-0: Called Strike
0-1: Fly out, F4 (Popup, 34S, EV 89.4 MPH)
Bottom of the 8th over - 0 runs, 0 hits, 0 errors, 0 left on base; Bristol 0 - San Diego (APP) 26
TOP OF THE 9TH
Bristol Pirates batting - Pitching for San Diego (APP) Padres : RHP Eric Busby
Batting: RHB Erik Mulligan 0-0: Called Strike
0-1: Foul Ball, location: 2F
0-2: Ball
1-2: Ball
2-2: Strikes out swinging
Batting: SHB Don Hauk 0-0: Ball
1-0: Foul Ball, location: 2F
1-1: Ball
2-1: Ball
3-1: Swinging Strike
3-2: Strikes out swinging
Batting: RHB Pete Hutton 0-0: Foul Ball, location: 2F
0-1: Swinging Strike
0-2: Foul Ball, location: 2F
0-2: Strikes out swinging
Top of the 9th over - 0 runs, 0 hits, 0 errors, 0 left on base; Bristol 0 - San Diego (APP) 26
Tuesday, September 13th , 2022 - OOTP Baseball 23.7 Build 88